XFBL
SEATTLE MARINERS @ CALIFORNIA ANGELS
04/15/1982
 
TOP OF THE 1ST
Seattle Mariners batting - Pitching for California Angels : LHP Ray Fontenot
Pitching: LHP Ray Fontenot
Batting: SHB Miguel Dilone 0-0: Ball
1-0: Foul Ball, location: 2F
1-1: Ball
2-1: Bunt for hit to 15 - play at first, batter OUT! 1-3
Batting: LHB Don Mattingly 0-0: Ball
1-0: Ground out 3-1 (Groundball, 34, EV 100.0 MPH)
Batting: RHB Robin Yount 0-0: Called Strike
0-1: Ball
1-1: Called Strike
1-2: SINGLE (Line Drive, 78S, EV 103.8 MPH)
Batting: RHB Tony Conigliaro 0-0: Ball
1-0: Ball
2-0: Called Strike
2-1: Ball
3-1: Called Strike
3-2: Strikes out swinging
Top of the 1st over - 0 runs, 1 hit, 0 errors, 1 left on base; Seattle 0 - California 0
BOTTOM OF THE 1ST
California Angels batting - Pitching for Seattle Mariners : LHP Randy Jones
Pitching: LHP Randy Jones
Batting: LHB Ralph Garr 0-0: Ball
1-0: Fly out, F7 (Flyball, 78M, EV 88.8 MPH)
Batting: RHB Carlos Pimentel 0-0: Ball
1-0: Ground out 6-3 (Groundball, 6D, EV 88.1 MPH)
Batting: RHB Frank White 0-0: Ball
1-0: Ball
2-0: Ground out 4-3 (Groundball, 34, EV 110.0 MPH)
Bottom of the 1st over - 0 runs, 0 hits, 0 errors, 0 left on base; Seattle 0 - California 0
TOP OF THE 2ND
Seattle Mariners batting - Pitching for California Angels : LHP Ray Fontenot
Batting: RHB Bobby Bonds 0-0: Ball
1-0: Ball
2-0: Foul Ball, location: 2F
2-1: Foul Ball, location: 2F
2-2: Foul Ball, location: 2F
2-2: SINGLE (Line Drive, 7S, EV 107.5 MPH)
Batting: RHB Ryne Sandberg 0-0: Grounds into double play, 6-4-3 (Groundball, 6, EV 103.8 MPH)
Batting: RHB Ozzie Virgil 0-0: Ball
1-0: Foul Ball, location: 2F
1-1: Swinging Strike
1-2: Strikes out looking
Top of the 2nd over - 0 runs, 1 hit, 0 errors, 0 left on base; Seattle 0 - California 0
BOTTOM OF THE 2ND
California Angels batting - Pitching for Seattle Mariners : LHP Randy Jones
Batting: LHB Jason D Thompson 0-0: Fly out, F7 (Flyball, 78M, EV 81.3 MPH)
Batting: LHB Brian Rosinski 0-0: Called Strike
0-1: Ball
1-1: Swinging Strike
1-2: Ball
2-2: Strikes out swinging
Batting: LHB John Milner 0-0: Ball
1-0: Ball
2-0: Ball
3-0: Called Strike
3-1: Fly out, F6 (Popup, 6M, EV 49.4 MPH)
Bottom of the 2nd over - 0 runs, 0 hits, 0 errors, 0 left on base; Seattle 0 - California 0
TOP OF THE 3RD
Seattle Mariners batting - Pitching for California Angels : LHP Ray Fontenot
Batting: LHB Ivan Flores 0-0: SOLO HOME RUN (Flyball, 9D, EV 107.5 MPH), Distance : 398 ft
Batting: RHB Kurt Cunningham 0-0: Called Strike
0-1: Foul Ball, location: 2F
0-2: Ball
1-2: Strikes out swinging
Batting: SHB Miguel Dilone 0-0: Ball
1-0: Ground out 5-3 (Groundball, 56S, EV 79.4 MPH)
Batting: LHB Don Mattingly 0-0: Ball
1-0: Fly out, F7 (Flyball, 78S, EV 75.0 MPH)
Top of the 3rd over - 1 run, 1 hit, 0 errors, 0 left on base; Seattle 1 - California 0
BOTTOM OF THE 3RD
California Angels batting - Pitching for Seattle Mariners : LHP Randy Jones
Batting: SHB Manny Castillo 0-0: Called Strike
0-1: Foul Ball, location: 2F
0-2: Foul Ball, location: 2F
0-2: Foul Ball, location: 2F
0-2: Ground out 5-3 (Groundball, 56, EV 86.3 MPH)
Batting: LHB Geno Petralli 0-0: Swinging Strike
0-1: Ball
1-1: Swinging Strike
1-2: Ball
2-2: Ground out 4-3 (Groundball, 4, EV 78.1 MPH)
Batting: RHB Rafael Ramirez 0-0: Ball
1-0: SINGLE (Groundball, 34D, EV 95.0 MPH)
Batting: LHB Ralph Garr 0-0: Called Strike
Rafael Ramirez is caught stealing 2nd base 2-6
Bottom of the 3rd over - 0 runs, 1 hit, 0 errors, 0 left on base; Seattle 1 - California 0
TOP OF THE 4TH
Seattle Mariners batting - Pitching for California Angels : LHP Ray Fontenot
Batting: RHB Robin Yount 0-0: Fly out, F8 (Flyball, 8RD, EV 96.3 MPH)
Batting: RHB Tony Conigliaro 0-0: Ball
1-0: Foul Ball, location: 2F
1-1: Foul Ball, location: 2F
1-2: Ball
2-2: Strikes out swinging
Batting: RHB Bobby Bonds 0-0: Ball
1-0: Ball
2-0: Called Strike
2-1: Fly out, F8 (Flyball, 89M, EV 86.3 MPH)
Top of the 4th over - 0 runs, 0 hits, 0 errors, 0 left on base; Seattle 1 - California 0
BOTTOM OF THE 4TH
California Angels batting - Pitching for Seattle Mariners : LHP Randy Jones
Batting: LHB Ralph Garr 0-0: Fly out, F5 (Popup, 5DF, EV 46.3 MPH)
Batting: RHB Carlos Pimentel 0-0: Called Strike
0-1: Ball
1-1: Ball
2-1: Ground out 6-3 (Groundball, 6M, EV 94.4 MPH)
Batting: RHB Frank White 0-0: Swinging Strike
0-1: Called Strike
0-2: Ball
1-2: Strikes out swinging
Bottom of the 4th over - 0 runs, 0 hits, 0 errors, 0 left on base; Seattle 1 - California 0
TOP OF THE 5TH
Seattle Mariners batting - Pitching for California Angels : LHP Ray Fontenot
Batting: RHB Ryne Sandberg 0-0: Foul Ball, location: 2F
0-1: Ball
1-1: Fly out, F8 (Flyball, 89M, EV 85.0 MPH)
Batting: RHB Ozzie Virgil 0-0: Foul Ball, location: 2F
0-1: Foul Ball, location: 2F
0-2: Foul Ball, location: 2F
0-2: Strikes out swinging
Batting: LHB Ivan Flores 0-0: Ground out 4-3 (Groundball, 4, EV 90.6 MPH)
Top of the 5th over - 0 runs, 0 hits, 0 errors, 0 left on base; Seattle 1 - California 0
BOTTOM OF THE 5TH
California Angels batting - Pitching for Seattle Mariners : LHP Randy Jones
Batting: LHB Jason D Thompson 0-0: Called Strike
0-1: Ball
1-1: Foul Ball, location: 2F
1-2: Foul Ball, location: 2F
1-2: Ground out U3 (Groundball, 3, EV 81.3 MPH)
Batting: LHB Brian Rosinski 0-0: Called Strike
0-1: Ball
1-1: Called Strike
1-2: Strikes out looking
Batting: LHB John Milner 0-0: Ball
1-0: Ball
2-0: Ground out 4-3 (Groundball, 4, EV 86.9 MPH)
Bottom of the 5th over - 0 runs, 0 hits, 0 errors, 0 left on base; Seattle 1 - California 0
TOP OF THE 6TH
Seattle Mariners batting - Pitching for California Angels : LHP Ray Fontenot
Batting: RHB Kurt Cunningham 0-0: Called Strike
0-1: SINGLE (Groundball, 56S, EV 69.4 MPH) (infield hit)
Batting: SHB Miguel Dilone 0-0: Fielders Choice at 2nd, 2-4 (Groundball, 15S, EV 64.4 MPH)
Batting: LHB Don Mattingly 0-0: Called Strike
0-1: Ball
1-1: Ball
2-1: Ball
3-1: Foul Ball, location: 2F
3-2: Foul Ball, location: 2F
3-2: Foul Ball, location: 2F
3-2: Strikes out swinging
Miguel Dilone steals 2nd base
Batter strikes out.
Batting: RHB Robin Yount 0-0: Called Strike
0-1: Ball
1-1: Ball
2-1: Fly out, F8 (Line Drive, 8RS, EV 91.3 MPH)
Top of the 6th over - 0 runs, 1 hit, 0 errors, 1 left on base; Seattle 1 - California 0
BOTTOM OF THE 6TH
California Angels batting - Pitching for Seattle Mariners : LHP Randy Jones
Batting: SHB Manny Castillo 0-0: Fly out, F9 (Flyball, 9S, EV 88.8 MPH)
Batting: LHB Geno Petralli 0-0: Ground out U3 (Groundball, 3L, EV 104.4 MPH)
Batting: RHB Rafael Ramirez 0-0: Ground out U3 (Groundball, 3L, EV 100.0 MPH)
Bottom of the 6th over - 0 runs, 0 hits, 0 errors, 0 left on base; Seattle 1 - California 0
TOP OF THE 7TH
Seattle Mariners batting - Pitching for California Angels : LHP Ray Fontenot
Batting: RHB Tony Conigliaro 0-0: Ball
1-0: Swinging Strike
1-1: Swinging Strike
1-2: Foul Ball, location: 2F
1-2: Ground out 6-3 (Groundball, 6M, EV 86.3 MPH)
Batting: RHB Bobby Bonds 0-0: Ball
1-0: Ball
2-0: Foul Ball, location: 2F
2-1: Foul Ball, location: 2F
2-2: Fly out, F7 (Flyball, 7, EV 86.9 MPH)
Batting: RHB Ryne Sandberg 0-0: Ball
1-0: Fly out, F8 (Flyball, 8RD, EV 81.9 MPH)
Top of the 7th over - 0 runs, 0 hits, 0 errors, 0 left on base; Seattle 1 - California 0
BOTTOM OF THE 7TH
California Angels batting - Pitching for Seattle Mariners : LHP Randy Jones
Batting: LHB Ralph Garr 0-0: Foul Ball, location: 2F
0-1: Swinging Strike
0-2: Ball
1-2: Ground out 6-3 (Groundball, 6, EV 85.6 MPH)
Batting: RHB Carlos Pimentel 0-0: Ball
1-0: Ball
2-0: Called Strike
2-1: Swinging Strike
2-2: Foul Ball, location: 2F
2-2: Foul Ball, location: 2F
2-2: Foul Ball, location: 2F
2-2: Ball
3-2: Foul Ball, location: 2F
3-2: Foul Ball, location: 2F
3-2: Strikes out swinging
Batting: RHB Frank White 0-0: Fly out, F4 (Flyball, 4D, EV 95.0 MPH)
Bottom of the 7th over - 0 runs, 0 hits, 0 errors, 0 left on base; Seattle 1 - California 0
TOP OF THE 8TH
Seattle Mariners batting - Pitching for California Angels : LHP Ray Fontenot
Batting: RHB Ozzie Virgil 0-0: Fly out, F8 (Flyball, 89D, EV 101.9 MPH)
Batting: LHB Ivan Flores 0-0: SINGLE (Line Drive, 9S, EV 100.6 MPH)
Batting: RHB Kurt Cunningham 0-0: Ball
1-0: Fly out, F9 (Line Drive, 9, EV 91.9 MPH)
Batting: SHB Miguel Dilone 0-0: Called Strike
0-1: Foul Ball, location: 2F
0-2: Ball
1-2: Ball
2-2: Ball
3-2: Foul Ball, location: 2F
3-2: Base on Balls
Ivan Flores to second
Batting: LHB Don Mattingly 0-0: Ball
1-0: Ball
2-0: Ground out 4-3 (Groundball, 4S, EV 67.5 MPH)
Top of the 8th over - 0 runs, 1 hit, 0 errors, 2 left on base; Seattle 1 - California 0
BOTTOM OF THE 8TH
California Angels batting - Pitching for Seattle Mariners : LHP Randy Jones
Now in CF: Ramon Estepa
Batting: LHB Jason D Thompson 0-0: Ground out U3 (Groundball, 3, EV 77.5 MPH)
Batting: LHB Brian Rosinski 0-0: Called Strike
0-1: Foul Ball, location: 2F
0-2: Fly out, F8 (Flyball, 8RS, EV 80.0 MPH)
Batting: LHB John Milner 0-0: Called Strike
0-1: Ground out 4-3 (Groundball, 4M, EV 79.4 MPH)
Bottom of the 8th over - 0 runs, 0 hits, 0 errors, 0 left on base; Seattle 1 - California 0
TOP OF THE 9TH
Seattle Mariners batting - Pitching for California Angels : LHP Ray Fontenot
Batting: RHB Robin Yount 0-0: Ball
1-0: Ground out 6-3 (Groundball, 6, EV 107.5 MPH)
Batting: RHB Tony Conigliaro 0-0: Called Strike
0-1: Ball
1-1: Ball
2-1: Swinging Strike
2-2: Foul Ball, location: 2F
2-2: Foul Ball, location: 2F
2-2: Strikes out swinging
Batting: RHB Bobby Bonds 0-0: Foul Ball, location: 2F
0-1: Foul Ball, location: 2F
0-2: Ball
1-2: SOLO HOME RUN (Line Drive, 7D, EV 97.5 MPH), Distance : 409 ft
Batting: RHB Ryne Sandberg 0-0: Ball
1-0: Foul Ball, location: 2F
1-1: Ball
2-1: Ground out 5-3 (Groundball, 56S, EV 83.1 MPH)
Top of the 9th over - 1 run, 1 hit, 0 errors, 0 left on base; Seattle 2 - California 0
BOTTOM OF THE 9TH
California Angels batting - Pitching for Seattle Mariners : LHP Randy Jones
Batting: SHB Manny Castillo 0-0: Ground out 4-3 (Groundball, 34D, EV 93.1 MPH)
Batting: LHB Geno Petralli 0-0: Called Strike
0-1: Ball
1-1: Foul Ball, location: 2F
1-2: Ball
2-2: Foul Ball, location: 2F
2-2: Ball
3-2: Foul Ball, location: 2F
3-2: Ground out U3 (Groundball, 3, EV 96.9 MPH)
Batting: RHB Rafael Ramirez 0-0: Ground out 5-3 (Groundball, 5, EV 86.9 MPH)
Bottom of the 9th over - 0 runs, 0 hits, 0 errors, 0 left on base; Seattle 2 - California 0
Tuesday, July 21st, 2020 - OOTP Baseball 21.4 Build 63